 Dungeon Crawl Stone Soup version 0.20.1-1-g8b1a95d (webtiles) character file.

37 letownia2 the Grave Robber (level 3, 0/28 HPs)
             Began as a Deep Dwarf Necromancer on Nov 5, 2017.
             Slain by an orc wizard
             ... wielding a +0 dagger
              (2 damage)
             ... on level 3 of the Dungeon.
             The game lasted 00:01:34 (552 turns).

letownia2 the Grave Robber (Deep Dwarf Necromancer)  Turns: 552, Time: 00:01:35

Health: 0/28       AC:  4    Str:  9 (11) XL:     3   Next: 21%
Magic:  1/6        EV: 12    Int: 15 (16) God:
Gold:   25         SH:  0    Dex: 12 (13) Spells: 2/6 levels left

rFire    . . .     SeeInvis .   a - +2 dagger (holy)
rCold    . . .     Gourm    .   (no shield)
rNeg     . . .     Faith    .   e - +0 leather armour
rPois    .         Spirit   .   (no helmet)
rElec    .         Reflect  .   (no cloak)
rCorr    .         Harm     .   (no gloves)
MR       .....                  d - +0 pair of boots
Stlth    ++........             (no amulet)
Regen    0.0/turn               (no ring)
MPRegen  0.1/turn               (no ring)

@: very slightly contaminated, non-regenerating
A: damage resistance, heal wounds, sense surroundings 1, no regeneration
a: Heal Wounds


You were on level 3 of the Dungeon.
You were not hungry.

You visited 1 branch of the dungeon, and saw 3 of its levels.

You collected 25 gold pieces.

Inventory:

Hand Weapons
 a - a +2 dagger of holy wrath (weapon)
Armour
 d - a +0 pair of boots (worn)
 e - a +0 leather armour (worn)
 h - a +0 ring mail
Wands
 f - a wand of lightning (8/15)
Potions
 g - a potion of degeneration
Books
 b - a book of Necromancy

   Spells                             Type                      Level
   a - Pain                           Necromancy                   1
   b - Animate Skeleton               Necromancy                   1
   c - Vampiric Draining              Necromancy                   3
   d - Regeneration                   Charms/Necromancy            3
   e - Animate Dead                   Necromancy                   4
   f - Control Undead                 Necromancy                   4
Comestibles
 c - a bread ration


   Skills:
 - Level 2.1 Dodging
 - Level 2.4 Stealth
 - Level 2.1 Spellcasting
 + Level 5.4 Necromancy


You had 2 spell levels left.
You knew the following spells:

 Your Spells              Type           Power        Failure   Level  Hunger
a - Pain                  Necr           ###.         3%          1    #......
v - Vampiric Draining     Necr           ###.......   10%         3    ###....


Dungeon Overview and Level Annotations

Branches:
Dungeon (3/15)

Altars:


Innate Abilities, Weirdness & Mutations

You are resistant to damage.
You can heal yourself by infusing magical energy.
You passively map a small area around you.
You do not regenerate.


Message History

You feel weakened.
You feel dopey.
You feel clumsy. The goblin misses you.
The orc wizard gestures wildly while chanting.
The orc wizard blinks!
Unknown command.
Evoke which item? (* to show all) (? for menu, Esc to quit)
Okay, then.
Okay, then.
Evoke which item? (* to show all) (? for menu, Esc to quit)
Aiming: Lightning Bolt (will waste charges)
Press: ? - help, Shift-Dir - straight line You hear a mighty clap of thunder!
The bolt of lightning misses the orc wizard.
The bolt of lightning hits the goblin.
You kill the goblin!
The bolt of lightning misses the orc wizard.
Evoking this partially-identified wand wasted a few charges.
You hear a shout!
You hear an angry hiss.
You hear a shout! x3
The orc wizard hits you with a dagger.
You die...

* * *.............,
#............ *
#..o.......[. *
,............# , * *
#.##......... * , , ,*
#.#..o....### * * *
#.###o......# * ,
#.#..o......#,
#.###@#...#######,
.#....o###.#######.
#......)...ยง........*
#############.########
#.............#
#.############# #.#
#<# #.# #)# #.# #.#


You could see an orc wizard.

Vanquished Creatures
  2 adders (D:2)
  A gnoll (D:3)
  A giant cockroach (D:1)
  A goblin (D:3)
  A hobgoblin (D:2)
  2 kobolds (D:2)
  2 rats (D:2)
10 creatures vanquished.

Notes
Turn   | Place    | Note
-------+----------+-------------------------------------------
     0 | D:1      | letownia2 the Deep Dwarf Necromancer began the quest for the Orb.
     0 | D:1      | Reached XP level 1. HP: 15/15 MP: 3/3
   265 | D:2      | Reached XP level 2. HP: 20/22 MP: 0/5
   333 | D:2      | Reached skill level 5 in Necromancy
   449 | D:3      | Reached XP level 3. HP: 7/28 MP: 0/6
   454 | D:3      | Learned a level 3 spell: Vampiric Draining
   552 | D:3      | Slain by an orc wizard

Skill      XL: |  1  2 |
---------------+-------+-----
Spellcasting   | 2 |  2.1
Necromancy     | 5 |  5.4
Dodging        | |  2.1
Stealth        | |  2.4

Action                   || total
-------------------------++-------
Melee: Dagger            ||     5
 Cast: Pain              ||    20
       Vampiric Draining ||     1
Evoke: Wand              ||     1
  Use: Potion            ||     1
Armor: Leather armour    ||     5
Dodge: Dodged            ||     8
